AoeStats
← 啊超

QS Arena

503639019Analyzed
4v4 RM · 1mo ago on Sep 1, 2026· 62m 33s· 8 players
Game mode
Random Map
Map size
Large (8 player)
Population
200
Speed
Normal
Resources
Standard
Victory
Conquest
Starting age
Dark Age
Ending age
Imperial Age
RankedLock teamsTeams togetherTeam positionsShared explorationLock speedFull tech treeHidden civsTurbo modeCheats
Victory
Defeat
🇨🇳 Britons · China
1147
+15
🇭🇰 Persians · Hong Kong SAR China
1135
+16
🇻🇳 Georgians · Vietnam
1131
+16
🇻🇳 Mongols · Vietnam
1084
+18
🇨🇳 Spanish · China
1166
-18
🇫🇷 Italians · France
1146
-17
🇨🇴 Cumans · Colombia
1138
-17
🇨🇴 Armenians · Colombia
1087
-14
R0F | [0] | PEDRO
4:14 Loom
8:01 Feudal Age
8:27 Double-Bit Axe
17:49 Horse Collar
21:11 Castle Age
27:05 Imperial Age
27:18 Imperial Age
26:18 Heavy Plow
26:35 Bow Saw
28:13 Scale Barding Armor
28:21 Forging
30:53 Chain Barding Armor
31:09 Iron Casting
31:08 Bloodlines
32:52 Plate Barding Armor
32:31 Elite Steppe Lancer
33:50 Cavalier
36:24 Conscription
36:05 Paladin
37:21 Gold Mining
39:00 Blast Furnace
39:31 Crop Rotation
40:05 Two-Man Saw
42:02 Steppe Husbandry
43:45 Gold Shaft Mining
albaqca
1:58 Loom
9:05 Feudal Age
10:33 Man-at-Arms
11:04 Arson
11:58 Scale Mail Armor
14:18 Fletching
14:41 Forging
16:19 Double-Bit Axe
17:00 Horse Collar
22:01 Castle Age
21:08 Stone Mining
23:49 Bow Saw
23:41 Heavy Plow
28:08 Wheelbarrow
27:21 Town Watch
27:28 Fletching
27:39 Padded Archer Armor
32:51 Bodkin Arrow
33:11 Leather Archer Armor
32:17 Elite Skirmisher
36:58 Hand Cart
39:44 Imperial Age
38:52 Town Patrol
41:30 Conscription
43:20 Chemistry
42:41 Ballistics
42:43 Bracer
43:13 Ring Archer Armor
42:11 Elite Composite Bowman
44:46 Hoardings
44:47 Murder Holes
46:25 Fereters
46:54 Pikeman
47:35 Squires
47:40 Gold Mining
47:44 Halberdier
52:18 Fortified Wall
52:19 Masonry
53:01 Iron Casting
52:41 Chain Mail Armor
55:11 Blast Furnace
55:59 Plate Mail Armor
Y3Y0
8:11 Feudal Age
13:39 Castle Age
11:45 Double-Bit Axe
13:20 Fletching
17:13 Gold Mining
17:35 Bow Saw
21:02 Bodkin Arrow
22:02 Wheelbarrow
26:03 Hand Cart
27:29 Forging
27:45 Horse Collar
29:35 Elite Skirmisher
29:35 Crossbowman
34:34 Imperial Age
35:32 Iron Casting
34:57 Padded Archer Armor
36:09 Arbalester
37:37 Thumb Ring
40:50 Scale Mail Armor
46:54 Loom
我很牛逼
8:57 Feudal Age
7:41 Loom
13:45 Castle Age
11:56 Double-Bit Axe
12:35 Horse Collar
16:58 Heavy Plow
17:12 Bow Saw
30:04 Imperial Age
28:10 Wheelbarrow
29:33 Forging
29:28 Scale Barding Armor
29:33 Forging
29:28 Scale Barding Armor
29:33 Forging
30:40 Husbandry
30:50 Bloodlines
31:12 Conscription
31:29 Iron Casting
30:18 Cavalier
32:24 Two-Man Saw
33:23 Chain Barding Armor
34:03 Blast Furnace
33:24 Chain Barding Armor
33:25 Caravan
35:08 Plate Barding Armor
35:33 Blast Furnace
34:42 Paladin
37:35 Supremacy
39:30 Light Cavalry
40:25 Fletching
40:48 Gold Mining
40:48 Stone Mining
40:49 Gold Mining
41:26 Hand Cart
41:10 Hussar
42:08 Scale Mail Armor
42:32 Squires
42:17 Arson
42:04 Pikeman
43:16 Chain Mail Armor
42:49 Halberdier
43:14 Arson
43:15 Gambesons
44:41 Plate Mail Armor
46:16 Arrowslits
47:31 Chemistry
46:52 Ballistics
49:39 Bombard Tower
Tin's
8:37 Feudal Age
13:43 Castle Age
13:55 Crossbowman
17:08 Loom
20:34 Double-Bit Axe
21:18 Squires
25:49 Horse Collar
28:21 Wheelbarrow
27:31 Town Watch
27:58 Gold Mining
35:12 Imperial Age
34:11 Fletching
34:21 Padded Archer Armor
35:15 Heavy Plow
35:39 Bodkin Arrow
35:59 Leather Archer Armor
36:06 Ballistics
37:13 Thumb Ring
38:29 Chemistry
38:49 Bow Saw
41:32 Masonry
42:20 Husbandry
43:46 Hand Cart
43:56 Bloodlines
44:11 Scale Barding Armor
44:38 Gold Mining
44:39 Stone Mining
44:19 Light Cavalry
46:20 Conscription
45:50 Elite Mangudai
47:52 Fortified Wall
47:53 Bracer
47:20 Hussar
48:59 Forging
50:45 Gold Shaft Mining
50:45 Stone Shaft Mining
52:35 Caravan
52:38 Elite Steppe Lancer
啊超
8:09 Feudal Age
14:06 Castle Age
12:22 Double-Bit Axe
12:55 Horse Collar
13:44 Loom
24:01 Crossbowman
28:55 Imperial Age
27:32 Elite Skirmisher
28:22 Gold Mining
28:48 Fletching
29:00 Padded Archer Armor
29:27 Bow Saw
31:05 Chemistry
30:25 Bodkin Arrow
30:47 Leather Archer Armor
32:40 Ballistics
32:23 Bracer
32:55 Ring Archer Armor
32:28 Pikeman
33:24 Forging
33:15 Scale Mail Armor
33:05 Arson
33:23 Squires
34:46 Yeomen
34:05 Elite Longbowman
35:21 Gambesons
35:49 Halberdier
37:08 Iron Casting
36:50 Chain Mail Armor
41:00 Warwolf
41:21 Conscription
42:10 Wheelbarrow
43:18 Blast Furnace
42:48 Plate Mail Armor
46:01 Hoardings
52:54 Husbandry
52:16 Light Cavalry
52:18 Cavalier
52:24 Arbalester
54:07 Two-Man Saw
53:23 Fortified Wall
53:25 Masonry
53:22 Scale Barding Armor
61:42 Spies/Treason
heichan000002
7:36 Loom
9:40 Feudal Age
13:25 Castle Age
11:56 Double-Bit Axe
14:25 Bow Saw
20:55 Wheelbarrow
21:31 Gold Mining
22:38 Stone Mining
25:59 Imperial Age
25:27 Hand Cart
25:06 Fletching
25:16 Padded Archer Armor
25:17 Horse Collar
25:52 Scale Barding Armor
25:58 Forging
25:09 Crossbowman
26:13 Town Watch
27:19 Bodkin Arrow
27:26 Kamandaran
28:31 Chemistry
28:04 Bloodlines
27:55 Husbandry
30:01 Elite War Elephant
31:57 Chain Barding Armor
32:30 Gold Shaft Mining
32:43 Heavy Plow
33:43 Iron Casting
33:44 Plate Barding Armor
35:40 Blast Furnace
35:59 Leather Archer Armor
41:44 Capped Ram
42:40 Town Patrol
46:36 Siege Ram
49:55 Caravan
54:50 Crop Rotation
61:19 Ring Archer Armor
60:50 Scale Mail Armor
61:03 Fervor
61:04 Masonry
61:15 Ballistics
61:36 Hoardings
61:22 Conscription
61:33 Spies/Treason
Phu Thuy
9:30 Feudal Age
13:16 Castle Age
11:50 Man-at-Arms
17:07 Loom
18:39 Double-Bit Axe
28:21 Sanctity
28:58 Bow Saw
32:35 Fletching
35:18 Svan Towers
37:34 Wheelbarrow
37:47 Stone Mining
38:28 Bodkin Arrow
39:38 Masonry
40:12 Fortified Wall
41:02 Scale Barding Armor
43:24 Murder Holes
43:57 Chain Barding Armor
47:14 Imperial Age
44:56 Forging
47:08 Iron Casting
Connection lost

Rejoining the realm…

Still unreachable

The connection could not be restored.

Session expired

The server has moved on; the page needs a fresh start.